 Dungeon Crawl Stone Soup version 0.21.0-37-g46506fa (webtiles) character file.

107 tidbits the Grave Robber (level 4, 4/35 HPs)
             Began as a Gnoll Necromancer on Feb 1, 2018.
             Quit the game on level 4 of the Dungeon.
             The game lasted 00:07:59 (527 turns).

tidbits the Grave Robber (Gnoll Necromancer)         Turns: 527, Time: 00:08:00

Health: 4/35       AC:  3    Str:  8    XL:     4   Next: 85%
Magic:  2/11       EV: 15    Int: 18    God:
Gold:   81         SH:  0    Dex: 16    Spells: 5/13 levels left

rFire    . . .     SeeInvis .   a - +0 dagger
rCold    . . .     Gourm    .   (no shield)
rNeg     . . .     Faith    .   f - +0 robe
rPois    .         Spirit   .   (no helmet)
rElec    .         Reflect  .   (no cloak)
rCorr    .         Harm     .   (no gloves)
MR       .....                  (no boots)
Stlth    +++.......             (no amulet)
HPRegen  0.11/turn              U - +1 ring of protection
MPRegen  0.12/turn              (no ring)

@: lethally poisoned (4 -> -5), very slightly contaminated
A: distributed training, fangs 1, robust 1, weak 1, strong nose
a: no special abilities


You were on level 4 of the Dungeon.
You were not hungry.

You visited 1 branch of the dungeon, and saw 4 of its levels.

You collected 81 gold pieces.

Inventory:

Hand Weapons
 a - a +0 dagger (weapon)
 j - a +0 short sword
Missiles
 k - 2 stones
 n - 2 tomahawks of returning (quivered)
Armour
 f - a +0 robe (worn)
 q - a +1 ring mail
Jewellery
 U - a +1 ring of protection (left hand)
   (You found it on level 2 of the Dungeon)
Wands
 p - a wand of polymorph (8)
Scrolls
 m - a scroll of remove curse
 o - a scroll of immolation
Potions
 e - a potion of flight
 i - a potion of degeneration
Books
 b - a book of Necromancy

   Spells                             Type                      Level
   a - Pain                           Necromancy                   1
   b - Animate Skeleton               Necromancy                   1
   c - Vampiric Draining              Necromancy                   3
   d - Regeneration                   Charms/Necromancy            3
   e - Animate Dead                   Necromancy                   4
   f - Borgnjor's Vile Clutch         Necromancy/Earth             5
Comestibles
 c - 4 rations


   Skills:
 + Level 1.2 Fighting
 + Level 1.2 Short Blades
 + Level 1.2 Long Blades
 + Level 1.2 Axes
 + Level 1.2 Maces & Flails
 + Level 1.2 Polearms
 + Level 1.2 Staves
 + Level 1.2 Slings
 + Level 1.2 Bows
 + Level 1.2 Crossbows
 + Level 1.2 Throwing
 + Level 1.2 Armour
 + Level 4.7 Dodging
 + Level 4.3 Stealth
 + Level 1.2 Shields
 + Level 1.2 Unarmed Combat
 + Level 5.1 Spellcasting
 + Level 1.0 Conjurations
 + Level 1.0 Hexes
 + Level 1.0 Charms
 + Level 1.0 Summonings
 + Level 7.1 Necromancy
 + Level 1.0 Translocations
 + Level 1.0 Transmutations
 + Level 1.0 Fire Magic
 + Level 1.0 Ice Magic
 + Level 1.0 Air Magic
 + Level 1.0 Earth Magic
 + Level 1.0 Poison Magic
 + Level 1.3 Invocations
 + Level 1.2 Evocations


You had 5 spell levels left.
You knew the following spells:

 Your Spells              Type           Power        Failure   Level  Hunger
a - Pain                  Necr           ####         1%          1    None
d - Vampiric Draining     Necr           ####......   1%          3    ##.....
n - Animate Skeleton      Necr           N/A          1%          1    None
r - Regeneration          Chrm/Necr      ###.......   8%          3    ##.....


Dungeon Overview and Level Annotations

Branches:
Dungeon (4/15)
 Temple: D:4-7

Altars:

Annotations:
D:4 exclusion: hippogriff


Innate Abilities, Weirdness & Mutations

Your experience applies equally to all skills.
You have very sharp teeth.
Your uncanny sense of smell can sniff out nearby items.
You are robust. (+10% HP)
You are weak. (Str -2)


Message History

Confirm with . or Enter, or press ? or * to list all spells.
Aiming: Pain
Press: ? - help, Shift-Dir - straight line, f - goblin
Aim: a goblin, wielding a dagger of venom (unusually strong, chance to defeat MR: 93%)
The goblin writhes in agony!
You kill the goblin!
You hear a shout! x5
Robin barely misses you.
Casting: Pain
Confirm with . or Enter, or press ? or * to list all spells.
Aiming: Pain
Press: ? - help, Shift-Dir - straight line, f - Robin
Aim: Robin, wielding a trident of venom, wearing an animal skin and wearing a helmet (chance to defeat MR: 89%) Robin writhes in agony!
Robin hits you with a trident of venom.
You are poisoned.
Press: ? - help, v - describe, . - travel, g - get item
Here: Robin, wielding a trident of venom, wearing an animal skin and wearing a helmet (lightly wounded)
A dagger of venom.
There is something else lying underneath.
The floor, spattered with blood.
Unknown command.
Casting: Pain
Confirm with . or Enter, or press ? or * to list all spells.
Aiming: Pain
Press: ? - help, Shift-Dir - straight line, f/p - Robin
Aim: Robin, wielding a trident of venom, wearing an animal skin and wearing a helmet (lightly wounded, chance to defeat MR: 89%) Robin writhes in agony!
You feel sick. Robin throws the goblin at you!
A hobgoblin comes into view. It is wielding a club.
Unknown command.
You hit the goblin but do no damage. You bite the goblin, but do no damage.
You feel sick. The goblin completely misses you.
Unknown command.
You hit the goblin but do no damage. You bite the goblin, but do no damage.
The goblin hits you with a club. Robin hits you with a trident of venom.
* * * LOW HITPOINT WARNING * * *
You are lethally poisoned!
Unknown command.
Casting: Pain
Confirm with . or Enter, or press ? or * to list all spells.
You don't know that spell.
Casting: Pain
Confirm with . or Enter, or press ? or * to list all spells.
Aiming: Vampiric Draining
Press: ? - help, Shift-Dir - straight line, f/p - Robin
Aim: Robin, wielding a trident of venom, wearing an animal skin and wearing a helmet (heavily wounded)
You kill Robin!
You feel life coursing into your body.
* * * LOW HITPOINT WARNING * * *
You feel sick. The goblin closely misses you.
It was a potion of mutation.
You feel extremely strange.
You feel weaker.
You feel robust.
* * * LOW HITPOINT WARNING * * *
You feel sick. The hobgoblin barely misses you.
The goblin hits you with a club.
* * * LOW HITPOINT WARNING * * *
Unknown command.
Unknown command.
Okay, then.
As you read the scroll labeled MUB KURUPP, it crumbles to dust.
You feel blessed for a moment.
It was a scroll of remove curse.
* * * LOW HITPOINT WARNING * * *
You feel sick. The hobgoblin misses you.
The goblin hits you but does no damage.
As you read the scroll labeled NUCSIX DEKID, it crumbles to dust.
The creatures around you are filled with an inner flame!
It was a scroll of immolation.
* * * LOW HITPOINT WARNING * * *
You feel sick. The hobgoblin barely misses you.
The goblin completely misses you.
Wield which item (- for none, * to show all)? (? for menu, Esc to quit)
Okay, then.
As you read the scroll labeled FUWESEAHYEMP, it crumbles to dust.
It is a scroll of enchant armour.
Your ring mail glows green for a moment.
* * * LOW HITPOINT WARNING * * *
You feel sick.
The hobgoblin no longer looks unusually strong.
The hobgoblin hits you but does no damage.
Unknown command.
As you read the scroll labeled WASERI BAOXEN, it crumbles to dust.
It is a scroll of amnesia.
Okay, then.
* * * LOW HITPOINT WARNING * * *
You feel sick.
The goblin no longer looks unusually strong.
The goblin closely misses you.
The hobgoblin hits you but does no damage.
Blink to where?
Press: ? - help, Dir - move target cursor You are very lightly contaminated with residual magic.
As you read the scroll labeled JYEGHA OLLIG, it crumbles to dust.
It was a scroll of blinking.
* * * LOW HITPOINT WARNING * * *
You feel sick.
Okay, then.
Okay, then.
As you read the scroll labeled DOENON VEOMARPH, it crumbles to dust.
The dust glows shimmering lime green!
It was a scroll of random uselessness.
Okay, then.
Are you sure you want to abandon this character and quit the game? (Confirm with "yes".)

.#.# #...# .#.#
#...### #.# .#.#
#...'.# #.# .#.#
#...#.# #.#
.#.#####.#.#####.#
..........g)gg.#.#
...#.###.#.###...#
.#.#.# #.#.# #g.#
...#.# #.#.# #.@#
.###g###.#g# ##.#
......##.#.# #.#
####..##g#g# ...
.......g.... ....
####.... #.# ##.#.
#....g #.#.
#...... #.#..
#.......


You could see a hobgoblin (inner flame) and 2 goblins.

Vanquished Creatures
  A scorpion (D:4)
  A worker ant (D:2)
  Robin (D:4)
  An orc (D:3)
  A giant cockroach (D:3)
  7 goblins
  A hobgoblin (D:1)
  A quokka (D:2)
  4 bats
  A kobold (D:1)
  3 rats
22 creatures vanquished.

Notes
Turn   | Place    | Note
-------+----------+-------------------------------------------
     0 | D:1      | tidbits the Gnoll Necromancer began the quest for the Orb.
     0 | D:1      | Reached XP level 1. HP: 13/13 MP: 6/6
    45 | D:2      | Noticed a worker ant
    48 | D:2      | Killed a worker ant
    48 | D:2      | Reached XP level 2. HP: 13/20 MP: 0/7
    48 | D:2      | Reached XP level 3. HP: 17/25 MP: 0/9
    73 | D:2      | Learned a level 3 spell: Vampiric Draining
    77 | D:2      | Learned a level 3 spell: Regeneration
   111 | D:1      | Reached skill level 5 in Spellcasting
   305 | D:3      | Learned a level 1 spell: Animate Skeleton
   323 | D:3      | Reached skill level 1 in Invocations
   356 | D:4      | Noticed a hippogriff
   406 | D:4      | Noticed a phantom
   443 | D:4      | Noticed a scorpion
   457 | D:4      | Killed a scorpion
   457 | D:4      | Reached skill level 1 in Fighting
   457 | D:4      | Reached skill level 1 in Short Blades
   457 | D:4      | Reached skill level 1 in Long Blades
   457 | D:4      | Reached skill level 1 in Axes
   457 | D:4      | Reached skill level 1 in Maces & Flails
   457 | D:4      | Reached skill level 1 in Polearms
   457 | D:4      | Reached skill level 1 in Staves
   457 | D:4      | Reached skill level 1 in Slings
   457 | D:4      | Reached skill level 1 in Bows
   457 | D:4      | Reached skill level 1 in Crossbows
   457 | D:4      | Reached skill level 1 in Throwing
   457 | D:4      | Reached skill level 1 in Armour
   457 | D:4      | Reached skill level 1 in Shields
   457 | D:4      | Reached skill level 1 in Unarmed Combat
   457 | D:4      | Reached skill level 1 in Evocations
   457 | D:4      | Reached XP level 4. HP: 22/32 MP: 3/11
   506 | D:4      | Reached skill level 1 in Conjurations
   506 | D:4      | Reached skill level 1 in Hexes
   506 | D:4      | Reached skill level 1 in Charms
   506 | D:4      | Reached skill level 1 in Summonings
   506 | D:4      | Reached skill level 1 in Translocations
   506 | D:4      | Reached skill level 1 in Transmutations
   506 | D:4      | Reached skill level 1 in Fire Magic
   506 | D:4      | Reached skill level 1 in Ice Magic
   506 | D:4      | Reached skill level 1 in Air Magic
   506 | D:4      | Reached skill level 1 in Earth Magic
   506 | D:4      | Reached skill level 1 in Poison Magic
   510 | D:4      | Noticed Robin
   519 | D:4      | Killed Robin
   520 | D:4      | Gained mutation: You are weak. (Str -2) [potion of mutation]
   520 | D:4      | Gained mutation: You are robust. (+10% HP) [potion of mutation]
   527 | D:4      | Quit the game

Skill      XL: |  1  2  3  4 |
---------------+-------------+-----
Spellcasting   | 5 |  5.1
Invocations    | 1 |  1.3
Fighting       | 1 |  1.2
Short Blades   | 1 |  1.2
Long Blades    | 1 |  1.2
Axes           | 1 |  1.2
Maces & Flails | 1 |  1.2
Polearms       | 1 |  1.2
Staves         | 1 |  1.2
Slings         | 1 |  1.2
Bows           | 1 |  1.2
Crossbows      | 1 |  1.2
Throwing       | 1 |  1.2
Armour         | 1 |  1.2
Shields        | 1 |  1.2
Unarmed Combat | 1 |  1.2
Evocations     | 1 |  1.2
Conjurations   | 1 |  1.0
Hexes          | 1 |  1.0
Charms         | 1 |  1.0
Summonings     | 1 |  1.0
Translocations | 1 |  1.0
Transmutations | 1 |  1.0
Fire Magic     | 1 |  1.0
Ice Magic      | 1 |  1.0
Air Magic      | 1 |  1.0
Earth Magic    | 1 |  1.0
Poison Magic   | 1 |  1.0
Dodging        | |  4.7
Stealth        | |  4.3
Necromancy     | |  7.1

Action                   |  1- 3 |  4- 6 || total
-------------------------+-------+-------++-------
Melee: Dagger            |     7 |    11 ||    18
       Bite              |       |     3 ||     3
 Cast: Pain              |    30 |     4 ||    34
       Regeneration      |     1 |       ||     1
       Vampiric Draining |       |     1 ||     1
  Use: Scroll            |     2 |     6 ||     8
       Potion            |       |     2 ||     2
 Stab: Sleeping          |     3 |       ||     3
Armor: Robe              |     4 |     5 ||     9
Dodge: Dodged            |    13 |    11 ||    24

Table legend:
 A = Turns spent in this place as a percentage of turns spent in the entire game.
 B = Non-inter-level travel turns spent in this place as a percentage of non-inter-level travel turns spent in the entire game.
 C = Inter-level travel turns spent in this place as a percentage of turns spent in this place.
 D = Turns resting spent in this place as a percentage of non-inter-level travel turns spent in this place.
 E = Turns spent auto-exploring this place as a percentage of non-inter-level travel turns spent in this place.
 F = Non-inter-level travel turns spent in this place divided by the number of levels of this place that you've seen.
                   A       B       C       D       E      F
               +-------+-------+-------+-------+-------+----------------------
         Total | 100.0 | 100.0 |   0.0 |   0.0 |   0.0 | 131.8
       Dungeon | 100.0 | 100.0 |   0.0 |   0.0 |   0.0 | 131.8
               +-------+-------+-------+-------+-------+----------------------

Table legend:
 A = Kills in this place as a percentage of kills in entire the game.
 B = Kills by you in this place as a percentage of kills by you in the entire game.
 C = Kills by friends in this place as a percentage of kills by friends in the entire game.
 D = Other kills in this place as a percentage of other kills in the entire game.
 E = Experience gained in this place as a percentage of experience gained in the entire game.
 F = Experience gained in this place divided by the number of levels of this place that you have seen.
                   A       B       C       D       E      F
               +-------+-------+-------+-------+-------+----------------------
         Total | 100.0 | 100.0 |   N/A |   N/A | 100.0 |  38.2
       Dungeon | 100.0 | 100.0 |   N/A |   N/A | 100.0 |  38.2
               +-------+-------+-------+-------+-------+----------------------

Vault maps used:
D:1:      minmay_arrival_five_plusses, minmay_hexomino_u4
D:3:      lemuel_crystal_altar, okawaru_altar_gauntlet_db
D:4:      first_ration, uniq_robin
